 Dungeon Crawl Stone Soup version 0.14.0-15-g6b16f67 (webtiles) character file.

4898 Qrupt the Frost Mage (level 10, 0/63 HPs)
             Began as a Vampire Ice Elementalist on Apr 18, 2014.
             Was an Initiate of Ashenzari.
             Slain by a grizzly bear (6 damage)
             ... on Level 8 of the Dungeon.
             The game lasted 00:53:55 (16633 turns).

Qrupt the Frost Mage (Vampire Ice Elementalist)    Turns: 16633, Time: 00:53:56

HP   0/63        AC  4     Str  7      XL: 10   Next: 26%
MP   1/25        EV 20     Int 20      God: Ashenzari [......]
Gold 34          SH  0     Dex 17      Spells:  5 memorised,  8 levels left

rFire  . . .     SeeInvis +     r - +2,+4 dagger (speed) (curse)
rCold  . . .     Clarity  +     a - +0 robe
rNeg   + . .     Conserve .     (no shield)
rPois  .         rCorr    .     (helmet restricted)
rElec  .         rRot     .     h - +1 cloak
SustAb . .       Spirit   .     (no gloves)
rMut   .         Warding  .     (no boots)
Saprov . . .     Stasis   .     i - cursed amulet of clarity
MR     +....                    H - +3 ring of dexterity
                                F - cursed +5 ring of evasion

@: very slightly contaminated, somewhat resistant to hostile enchantments,
stealthy
A: bottle blood, fangs 3, horns 1, talons 1, see invisible, unbreathing
a: Bat Form, Bottle Blood, Renounce Religion


You were on level 8 of the Dungeon.
You worshipped Ashenzari.
Ashenzari was noncommittal.
You were not thirsty.

You visited 2 branches of the dungeon, and saw 9 of its levels.
You also visited: Ossuary.

You collected 484 gold pieces.
You spent 450 gold pieces at shops.

Inventory:

Hand weapons
 r - a cursed +2,+4 dagger of speed (weapon)
Armour
 a - a +0 robe (worn)
 h - a +1 cloak (worn)
Magical devices
 e - a wand of polymorph (7)
 m - a wand of cold (9)
 q - a wand of lightning (3)
 t - a wand of fireball (1)
 y - a wand of polymorph (16)
 z - a wand of enslavement (4)
 A - a wand of random effects (9)
 J - a wand of lightning (5)
Scrolls
 g - 4 scrolls of fear
 j - a scroll of remove curse
 k - 2 scrolls of teleportation
Jewellery
 i - a cursed amulet of clarity (around neck)
 D - an uncursed ring of ice
 F - a cursed +5 ring of evasion (left hand)
 H - a +3 ring of dexterity (right hand)
Potions
 d - 5 potions of curing
 f - 3 potions of blood
 o - 2 potions of might
 p - a potion of agility
 v - a potion of restore abilities {unknown}
 w - 2 potions of haste
 E - 2 potions of mutation {unknown}
Books
 b - a book of Frost

   Spells                             Type                      Level
   *Freeze                            Ice                          1
   *Throw Frost                       Conjuration/Ice              2
   *Ozocubu's Armour                  Charms/Ice                   3
   *Throw Icicle                      Conjuration/Ice              4
   Summon Ice Beast                   Ice/Summoning                4
   Condensation Shield                Ice                          4
 c - a book of Wizardry

   Spells                             Type                      Level
   Summon Elemental                   Summoning                    4
   Agony                              Necromancy                   5
   Force Lance                        Conjuration                  5
   *Haste                             Charms                       6
   Invisibility                       Hexes                        6
   Spellforged Servitor               Conjuration/Summoning        7
 C - a book of Annihilations {highlevel, unknown}

   This book is beyond your current level of understanding.

   Spells                             Type                      Level
   Poison Arrow                       Conjuration/Poison           6
   Chain Lightning                    Conjuration/Air              8
   Lehudib's Crystal Spear            Conjuration/Earth            8
   Glaciate                           Conjuration/Ice              9
   Fire Storm                         Conjuration/Fire             9
 I - a book of Geomancy

   Spells                             Type                      Level
   Sandblast                          Earth                        1
   Stoneskin                          Transmutation/Earth          2
   Passwall                           Transmutation/Earth          3
   Stone Arrow                        Conjuration/Earth            3
   Petrify                            Transmutation/Earth          4
   Lee's Rapid Deconstruction         Earth                        5


   Skills:
 - Level 5.0 Short Blades
 - Level 5.4 Dodging
 - Level 3.0 Stealth
 - Level 7.8 Spellcasting
 - Level 0.6 Conjurations
 + Level 7.6 Charms
 - Level 8.8 Ice Magic


You had 8 spell levels left.
You knew the following spells:

 Your Spells              Type           Power        Failure   Level  Hunger
a - Freeze                Ice            ####         1%          1    None
b - Throw Frost           Conj/Ice       ####..       1%          2    None
c - Ozocubu's Armour      Chrm/Ice       #####.....   1%          3    #......
d - Throw Icicle          Conj/Ice       ####....     14%         4    ###....
e - Haste                 Chrm           #####...     63%         6    ######.


Dungeon Overview and Level Annotations

Branches:
Dungeon (8/15)             Temple (1/1) D:7
   Lair: D:8-11

Altars:
Ashenzari
Cheibriados
Dithmenos
Elyvilon
Makhleb
Okawaru
Sif Muna
Vehumet
Xom
Yredelemnul
Zin

Shops:
D:8 :}=*


Innate Abilities, Weirdness & Mutations

You can bottle blood from corpses.
You have razor-sharp teeth.*
You have supernaturally acute eyesight.
You can survive without breathing.*
You have a pair of small horns on your head.*
You have sharp toenails.*


Message History

* * * LOW HITPOINT WARNING * * *
The grizzly bear closely misses you. x2
The grizzly bear completely misses you. x2
The grizzly bear barely misses you. The grizzly bear closely misses you.
The grizzly bear claws you but does no damage.
The grizzly bear claws you.
* * * LOW HITPOINT WARNING * * *
Casting: Throw Icicle
Confirm with . or Enter, or press ? or * to list all spells.
Aiming: Throw Icicle
Press: ? - help, Shift-Dir - straight line, f/p - grizzly bear
Aim: a grizzly bear (almost dead, berserk)
You miscast Throw Icicle.
You are very lightly contaminated with residual magic.
You hear a crackling sound.
The grizzly bear barely misses you. The grizzly bear claws you.
* * * LOW HITPOINT WARNING * * *
The grizzly bear misses you. The grizzly bear barely misses you.
The grizzly bear claws you.
You die...

#################################
..#..............#...............
..#.............U#...............
..#.............@U(..............
'##..............#...............
..#...#######....#...............
..#...#.....######U........U...U.
..#...#.....#....#...............
###...#.....#....#...............
......#.....#....#...............
......#.....#....#...............
......#.....#....#...............


You could see 2 grizzly bears.

Vanquished Creatures
  A hill giant (D:5)
  A feature mimic (D:8)
  A troll (D:5)
  A grizzly bear (D:8)
  A two-headed ogre (D:8)
  4 yaks (D:8)
  A hog (D:8)
  A sky beast (D:5)
  A water moccasin (D:5)
  3 ice beasts
  3 centaurs
  An ogre (D:6)
  2 giant frogs
  A water moccasin zombie (Ossuary)
  A cyclops zombie (D:8)
  5 scorpions
  A wight (D:7)
  A crimson imp (D:4)
  A giant frog zombie (D:5)
  A goliath beetle (D:8)
  6 hounds
  A jelly (D:7)
  Crazy Yiuf (D:6)
  3 orc priests
  2 gnoll shamans
  An iguana (D:7)
  3 orc wizards
  5 worker ants
  3 big kobold zombies (Ossuary)
  An ogre skeleton (D:5)
  2 mummies (Ossuary)
  22 gnolls
  A scorpion zombie (D:6)
  14 adders
  An inept feature mimic (D:3)
  A shadow imp (D:6)
  6 worms
  4 adder zombies
  An adder skeleton (D:7)
  A giant eyeball (D:4)
  An iguana skeleton (D:5)
  2 giant geckos
  An ooze (D:3)
  30 orcs
  11 bats
  18 goblins
  13 hobgoblins
  18 jackals
  17 kobolds
  2 giant cockroaches
  9 giant newts
  3 gnoll zombies (Ossuary)
  A goblin zombie (D:8)
  A hobgoblin skeleton (D:5)
  6 hobgoblin zombies (Ossuary)
  A jackal skeleton (D:5)
  8 kobold zombies (Ossuary)
  12 orc zombies (Ossuary)
  3 quokkas
  12 rats
  A rat zombie (D:8)
281 creatures vanquished.

Vanquished Creatures (collateral kills)
  3 wights (D:7)
3 creatures vanquished.

Grand Total: 284 creatures vanquished

Notes
Turn   | Place    | Note
--------------------------------------------------------------
     0 | D:1      | Qrupt, the Vampire Ice Elementalist, began the quest for the Orb.
     0 | D:1      | Reached XP level 1. HP: 13/13 MP: 3/3
   693 | D:1      | Reached XP level 2. HP: 19/19 MP: 4/4
  1525 | D:2      | Learned a level 2 spell: Throw Frost
  1544 | D:2      | Reached XP level 3. HP: 21/24 MP: 4/6
  1712 | D:2      | Found a deep blue altar of Sif Muna.
  1891 | D:2      | Reached skill level 4 in Ice Magic
  2080 | D:2      | Reached XP level 4. HP: 30/30 MP: 0/9
  3549 | D:3      | Learned a level 3 spell: Ozocubu's Armour
  3569 | D:3      | Reached XP level 5. HP: 30/35 MP: 10/12
  4573 | D:4      | Reached skill level 5 in Ice Magic
  4655 | D:3      | Reached XP level 6. HP: 18/41 MP: 8/15
  6945 | D:4      | Reached skill level 5 in Spellcasting
  8046 | D:5      | Entered Level 5 of the Dungeon
  8066 | D:5      | Reached skill level 6 in Ice Magic
  8066 | D:5      | Reached XP level 7. HP: 40/46 MP: 9/18
  9543 | D:5      | Noticed a water moccasin
 10161 | D:5      | Killed a water moccasin
 10213 | D:5      | Noticed a hill giant
 10245 | D:5      | Killed a hill giant
 10245 | D:5      | Reached skill level 7 in Ice Magic
 10245 | D:5      | Reached XP level 8. HP: 52/52 MP: 4/22
 10357 | D:5      | Reached skill level 8 in Ice Magic
 10482 | D:5      | Noticed a troll
 10489 | D:5      | Killed a troll
 10829 | D:5      | Found a white marble altar of Elyvilon.
 10829 | D:5      | Found a shadowy altar of Dithmenos.
 10830 | D:5      | Found a snail-covered altar of Cheibriados.
 10960 | D:5      | Gained mutation: You have sharp toenails. [potion of beneficial mutation]
 11037 | D:5      | Reached skill level 1 in Short Blades
 11037 | D:5      | Reached XP level 9. HP: 24/57 MP: 25/25
 12427 | D:6      | Found a shimmering altar of Xom.
 12427 | D:6      | Found a shimmering altar of Xom.
 12427 | D:6      | Found a shimmering altar of Xom.
 12427 | D:6      | Found a shimmering altar of Xom.
 12427 | D:6      | Found a shimmering altar of Xom.
 12434 | D:6      | Found a shimmering altar of Xom.
 12436 | D:6      | Found a shimmering altar of Xom.
 12444 | D:6      | You fall through a shaft!
 12599 | D:7      | Reached skill level 5 in Short Blades
 12835 | D:6      | Found a glowing silver altar of Zin.
 12902 | D:6      | Noticed Crazy Yiuf
 12910 | D:6      | Killed Crazy Yiuf
 14015 | D:7      | Found a staircase to the Ecumenical Temple.
 14087 | Temple   | Entered the Ecumenical Temple
 14187 | Temple   | Became a worshipper of Ashenzari the Shackled
 14338 | D:7      | Reached skill level 5 in Dodging
 14439 | D:8      | Learned a level 4 spell: Throw Icicle
 14442 | D:8      | Found Klall's Book Emporium.
 14446 | D:8      | Bought a book of Wizardry for 450 gold pieces
 14454 | D:8      | Learned a level 6 spell: Haste
 14467 | D:8      | Found a sand-covered staircase.
 14486 | Ossuary  | Entered an ossuary
 14569 | Ossuary  | Reached skill level 1 in Charms
 15065 | D:8      | Noticed a griffon
 15074 | D:8      | Found Lajesegieq's Gadget Boutique.
 15164 | D:8      | Found Gepoatop's Assorted Antiques.
 15198 | D:8      | HP: 1/57 [door mimic (10)]
 15383 | D:8      | Killed a door mimic
 15469 | D:8      | Reached skill level 5 in Charms
 15636 | D:8      | Gained mutation: You have a pair of small horns on your head. [potion of beneficial mutation]
 15736 | D:8      | Reached XP level 10. HP: 63/63 MP: 19/25
 16083 | D:8      | Found Cuby's Jewellery Emporium.
 16633 | D:8      | Slain by a grizzly bear

Action                   |  1- 3 |  4- 6 |  7- 9 | 10-12 || total
-------------------------+-------+-------+-------+-------++-------
Melee: Unarmed           |    12 |    43 |       |       ||    55
       Dagger            |    20 |    55 |   335 |    21 ||   431
 Cast: Freeze            |    50 |   149 |   239 |    53 ||   491
       Throw Frost       |       |     7 |    25 |     6 ||    38
       Ozocubu's Armour  |       |       |     7 |     2 ||     9
       Throw Icicle      |       |       |     3 |     3 ||     6
 Abil: Bottle Blood      |       |     3 |     5 |     1 ||     9
       End Transformatio |       |     1 |     4 |     3 ||     8
       Bat Form          |       |     1 |     4 |     3 ||     8
Evoke: Wand              |       |       |    11 |       ||    11
  Use: Potion            |       |     4 |     6 |       ||    10
       Scroll            |       |       |    24 |       ||    24
 Stab: Sleeping          |     7 |     2 |     8 |       ||    17
